 Dungeon Crawl Stone Soup version 0.25.0-33-gff14898 (webtiles) character file.

Game seed: 10611100759116991449

13 vertexvortex the Insei (level 2, -1/21 HPs)
             Began as a Demonspawn Transmuter on July 7, 2020.
             Slain by a leopard gecko (5 damage)
             ... on level 1 of the Dungeon.
             The game lasted 00:02:00 (1048 turns).

vertexvortex the Insei (Demonspawn Transmuter)      Turns: 1048, Time: 00:02:01

Health: -1/21      AC:  3    Str: 10    XL:     2   Next: 24%
Magic:  5/5        EV: 12    Int: 14    God:
Gold:   45         SH:  0    Dex: 13    Spells: 4/5 levels left

rFire    . . .     SeeInvis .     - Unarmed
rCold    . . .     Gourm    .   (no shield)
rNeg     . . .     Faith    .   b - +0 robe
rPois    .         Spirit   .   (no helmet)
rElec    .         Reflect  .   (no cloak)
rCorr    .         Harm     .   f - +0 pair of gloves
MR       .....                  (no boots)
Stlth    +.........             (no amulet)
HPRegen  0.07/turn              (no ring)
MPRegen  0.09/turn              (no ring)

@: appendage (expiring), hasted, very quick
A: horns 2, powered by pain 1
a: End Transformation


You were on level 1 of the Dungeon.
You were hungry.
You had grown temporary horns.
You visited 1 branch of the dungeon, and saw 1 of its levels.

You collected 45 gold pieces.

Inventory:

Missiles
 a - 12 arrows
 k - 2 atropa-tipped darts (quivered)
Armour
 b - a +0 robe (worn)
 f - a +0 pair of gloves (worn)
 g - a +0 leather armour
Jewellery
 h - a +6 ring of dexterity {unknown}
Scrolls
 c - 2 scrolls of identify {unknown}
 i - 2 scrolls of fear {unknown}
 l - a scroll of enchant weapon {unknown}
 m - a scroll of amnesia {unknown}
 o - a scroll of blinking {unknown}
Potions
 j - 2 potions of heal wounds {unknown}
 n - 2 potions of curing {unknown}
Comestibles
 d - a ration


   Skills:
 * Level 1.2 Fighting
 - Level 1.7 Dodging
 * Level 3.2 Unarmed Combat
 - Level 2.0 Spellcasting
 + Level 1.8 Transmutations


You had 4 spell levels left.
You knew the following spells:

 Your Spells              Type           Power        Failure   Level  Hunger
a - Beastly Appendage     Tmut           #.....       11%         1    ##.....

Your spell library contained the following spells:

 Spells                   Type           Power        Failure   Level  Hunger
 Sticks to Snakes         Tmut           #.......     17%         2    ###....
 Spider Form              Tmut/Pois      #.........   43%         3    ####...
 Ice Form                 Ice/Tmut       #.......     85%         4    #####..
 Blade Hands              Tmut           #.........   97%         5    ######.


Dungeon Overview and Level Annotations

Branches:
Dungeon (1/15)

Altars:


Innate Abilities, Weirdness & Mutations

You sometimes gain a little power by taking damage.
You have a pair of horns on your head.


Message History

You closely miss the leopard gecko.
The leopard gecko is heavily wounded.
Your transformation is almost over.
The leopard gecko bites you.
* * * LOW HITPOINT WARNING * * *
You barely miss the leopard gecko.
The leopard gecko is heavily wounded.
The leopard gecko closely misses you.
You closely miss the leopard gecko.
The leopard gecko is heavily wounded.
The leopard gecko barely misses you. The leopard gecko bites you.
* * * LOW HITPOINT WARNING * * *
You closely miss the leopard gecko.
The leopard gecko is moderately wounded.
You are feeling hungry.
The leopard gecko barely misses you.
It was a potion of haste.
You feel yourself speed up. The leopard gecko bites you.
You die...

#.#.##.# .# #.
#.#.##.# .# #.
#.#.##.# #.#
#. #.#.##.#
..# ##
#.#.##.# ##.#
#.#.##.# #..#
#.#.#..# #.##
#.#.#.## #l#
#.#.#.# #@#
#.#.#.# ##.#
#.#.#.# #..#
#.#.#.# #.##
#.#.#.######.#
#............#
##############


You could see a leopard gecko.

Vanquished Creatures
  A ball python (D:1)
  2 bats (D:1)
  A giant cockroach (D:1)
  3 goblins (D:1)
  A hobgoblin (D:1)
  2 kobolds (D:1)
  2 rats (D:1)
12 creatures vanquished.

Notes
Turn   | Place    | Note
-------+----------+-------------------------------------------
     0 | D:1      | vertexvortex the Demonspawn Transmuter began the quest for
                  | the Orb.
     0 | D:1      | Reached XP level 1. HP: 15/15 MP: 3/3
   292 | D:1      | Reached skill level 3 in Unarmed Combat
   535 | D:1      | Gained mutation: You sometimes gain a little power by
                  | taking damage. [demonic ancestry]
   535 | D:1      | Reached XP level 2. HP: 14/21 MP: 3/5
  1048 | D:1      | Slain by a leopard gecko

Illustrated notes

Levels and vault maps discovered:
D:1:      lightli_arrival_maybe_door_vault, layout_basic, amethyst_killhole,
          minmay_misc_feat_encased

Skill      XL: |  1 |
---------------+----+-----
Unarmed Combat | 3 |  3.2
Fighting       | |  1.2
Dodging        | |  1.7
Spellcasting   | |  2.0
Transmutations | |  1.8

Action                   || total
-------------------------++-------
Melee: Unarmed           ||    50
       Headbutt          ||     2
 Cast: Beastly Appendage ||     5
  Use: Potion            ||     1
Armor: Robe              ||    11
Dodge: Dodged            ||    42
